[Event "Team 45 45 League T50"]
[Site "Internet Chess Club"]
[Date "2011.09.16"]
[Round "6"]
[White "CamLeslie"]
[Black "Pacini"]
[Result "0-1"]
[WhiteElo "1830"]
[BlackElo "2032"]
[Opening "Benkö gambit"]
[ECO "A57"]
[Time "18:08:12"]
[TimeControl "2700+45"]

1. d4 Nf6 2. c4 c5 3. d5 b5 4. g3 g6 5. Bg2 d6 6. e4 Nbd7 7. Ne2 bxc4 8. f4 Bg7
9. Na3 O-O 10. Nc3 Nb6 11. Bf3 e6 12. dxe6 Bxe6 13. e5 dxe5 14. Bxa8 Qxa8 15.
O-O Bh3 16. Rf2 Ng4 17. Qf3 e4 18. Qxe4 Bd4 {White resigns} 0-1

[Event "Team 45 45 League T50"]
[Site "Internet Chess Club"]
[Date "2011.09.15"]
[Round "6"]
[White "kabindra"]
[Black "az2112"]
[Result "1-0"]
[WhiteElo "1795"]
[BlackElo "1693"]
[Opening "Sicilian: Scheveningen (Paulsen), classical variation"]
[ECO "B84"]
[Time "12:03:36"]
[TimeControl "2700+45"]

1. e4 c5 2. Nf3 d6 3. d4 cxd4 4. Nxd4 Nf6 5. Nc3 a6 6. Be2 e6 7. O-O Be7 8. f4
O-O 9. f5 e5 10. Nb3 b5 11. Kh1 Bb7 12. Bf3 b4 13. Nd5 Nxd5 14. exd5 Nd7 15. Be3
Nf6 16. c4 bxc3 17. bxc3 e4 18. Be2 Nxd5 19. Bd4 Bf6 20. Rc1 Bg5 21. Rb1 Ne3 22.
Bxe3 Bxe3 23. f6 g6 24. Nd4 Bxd4 25. Qxd4 Qc7 26. c4 Rfe8 27. Rb3 Bc6 28. Rh3 e3
29. Qh4 {Black resigns} 1-0

[Event "Team 45 45 League T50"]
[Site "Internet Chess Club"]
[Date "2011.09.20"]
[Round "6"]
[White "PJ"]
[Black "clarinetref"]
[Result "1/2-1/2"]
[WhiteElo "1836"]
[BlackElo "1651"]
[Opening "Sicilian: closed, 6.Be3"]
[ECO "B26"]
[Time "14:02:24"]
[TimeControl "2700+45"]

1. e4 c5 2. Nc3 Nc6 3. g3 d6 4. Bg2 g6 5. d3 Bg7 6. Be3 Nf6 7. h3 Qb6 8. Rb1 e5
9. Nge2 Be6 10. O-O Nd4 11. f4 h5 12. fxe5 dxe5 13. Nd5 Bxd5 14. exd5 O-O-O 15.
b4 Qc7 16. bxc5 Nxd5 17. Bxd5 Rxd5 18. Nxd4 exd4 19. Bf4 Be5 20. Qf3 Rxc5 21.
Bxe5 Rxe5 22. Qxf7 Re7 23. Qxg6 Rg7 24. Qf5+ Rd7 25. Qf2 Rg8 26. Qf4 Rxg3+ 27.
Kh2 Qxf4 28. Rxf4 Rdg7 29. Rf2 h4 30. Rb4 Rd7 31. Rc4+ Kd8 32. Rf4 Re3 33. Rxh4
b5 34. Rc5 a6 35. Rh8+ Ke7 36. Rh7+ Kd6 37. Rxd7+ Kxd7 38. h4 Kd6 39. Rc8 Kd7
40. Rg8 Re2+ 41. Rg2 Re6 42. h5 Rh6 43. Rg5 Ke7 44. Kg3 Kf7 45. Rf5+ Kg7 46. Kf4
Rc6 47. Ke4 Rxc2 48. h6+ Kh7 49. Rf6 Rxa2 50. Kxd4 a5 51. Kc3 Ra3+ 52. Kc2 b4
53. Rb6 Rc3+ 54. Kd2 Ra3 55. d4 b3 56. Kc3 a4 57. d5 Ra2 58. d6 Rc2+ 59. Kb4 Rd2
60. Kxa4 b2 {Game drawn by mutual agreement} 1/2-1/2

[Event "Team 45 45 League T50"]
[Site "Internet Chess Club"]
[Date "2011.09.16"]
[Round "6"]
[White "Gregorio"]
[Black "Stryker672"]
[Result "0-1"]
[WhiteElo "1889"]
[BlackElo "1938"]
[Opening "English: Neo-Catalan declined"]
[ECO "E06"]
[Time "22:00:32"]
[TimeControl "2700+45"]

1. c4 Nf6 2. g3 e6 3. Bg2 d5 4. Nf3 Be7 5. O-O O-O 6. d4 b6 7. cxd5 exd5 8. Ne5
Bb7 9. Qc2 c5 10. Be3 Na6 11. a3 Rc8 12. Nc3 Qc7 13. Bh3 Rcd8 14. Nb5 Qb8 15.
Bf4 Qa8 16. Qa4 h6 17. Rac1 g5 18. Be3 Ne4 19. f4 Nd6 20. Nxd6 Rxd6 21. dxc5
bxc5 22. Bxc5 Nxc5 23. Rxc5 Ra6 24. Qc2 Bxc5+ 25. Qxc5 Qd8 26. Qd4 Qb6 27. Qxb6
Rxb6 28. fxg5 hxg5 29. b4 f6 30. Nd3 Ba6 31. Nc5 Bxe2 32. Rf2 Bb5 33. Be6+ Kg7
34. Bxd5 Re8 35. Rf5 Re1+ 36. Kg2 Bc6 37. Kf2 Ra1 38. Bxc6 Rxc6 39. a4 Rd6 40.
h4 gxh4 41. gxh4 Kg6 42. Rf4 Ra3 43. Ne4 Re6 44. a5 Rc6 45. Nc5 f5 46. Rd4 Kf6
47. Rd7 a6 48. Rd5 Rh3 49. Rd7 Rxh4 50. Rb7 Ke5 51. Nd3+ Kd4 52. Rd7+ Kc3 53.
Ne5 Re6 54. Nf3 Rxb4 55. Rf7 Rb5 56. Rc7+ Kd3 57. Rd7+ Kc4 58. Nd4 Rb2+ 59. Kf3
Re5 60. Nc6 Rd5 61. Ra7 Kb5 62. Rb7+ Kxc6 63. Rxb2 Rxa5 64. Kf4 Rb5 65. Ra2 a5
66. Ke3 Rd5 67. Rb2 Kc5 68. Rb8 a4 69. Rc8+ Kb4 70. Rb8+ Rb5 {White resigns} 0-1

[Event "Team 45 45 League T50"]
[Site "Internet Chess Club"]
[Date "2011.09.18"]
[Round "6"]
[White "FourKnights"]
[Black "MeanMrMustard"]
[Result "1/2-1/2"]
[WhiteElo "1732"]
[BlackElo "1797"]
[Opening "QGD Slav: exchange variation"]
[ECO "D13"]
[Time "11:17:10"]
[TimeControl "2700+45"]

1. d4 d5 2. c4 c6 3. cxd5 cxd5 4. Nf3 Nf6 5. Nc3 Nc6 6. Bf4 Nh5 7. Bg5 h6 8. Bc1
e6 9. e3 Nf6 10. a3 Bd6 11. Bd3 O-O 12. O-O Bd7 13. Bd2 Rc8 14. Rc1 {Game drawn
by mutual agreement} 1/2-1/2

[Event "Team 45 45 League T50"]
[Site "Internet Chess Club"]
[Date "2011.09.19"]
[Round "6"]
[White "ghostfire"]
[Black "rahulr"]
[Result "1-0"]
[WhiteElo "1756"]
[BlackElo "1648"]
[Opening "Alekhine's defense: exchange variation"]
[ECO "B02"]
[Time "20:00:15"]
[TimeControl "2700+45"]

1. e4 Nf6 2. e5 Nd5 3. c4 Nb6 4. d4 d6 5. exd6 exd6 6. Nc3 Be7 7. Be3 O-O 8. Bd3
Nc6 9. Nge2 Re8 10. O-O Nb4 11. Bb1 Nxc4 12. Qb3 Nxe3 13. fxe3 d5 14. a3 Nc6 15.
Nxd5 Be6 16. Nxe7+ Rxe7 17. Qd3 Na5 18. Qxh7+ Kf8 19. Qh8# {Black checkmated}
1-0

[Event "Team 45 45 League T50"]
[Site "Internet Chess Club"]
[Date "2011.09.15"]
[Round "6"]
[White "Hal2001"]
[Black "Frankly"]
[Result "0-1"]
[WhiteElo "1639"]
[BlackElo "1774"]
[Opening "Sicilian: closed"]
[ECO "B23"]
[Time "12:31:01"]
[TimeControl "2700+45"]

1. e4 c5 2. Nc3 d6 3. f4 g6 4. Nf3 Bg7 5. Bc4 Nc6 6. O-O e6 7. d3 Nge7 8. Qe1
O-O 9. Qh4 Nd4 10. Nxd4 cxd4 11. Ne2 Bd7 12. g4 a5 13. a3 Rc8 14. a4 Nc6 15.
Qxd8 Rfxd8 16. Bd2 d5 17. Bb3 dxe4 18. dxe4 Be8 19. Nc1 d3 20. c3 Bf8 21. Rf3
Bc5+ 22. Kf1 Ba7 23. Rxd3 Rxd3 24. Nxd3 Ne7 25. Ke2 Bc6 26. Be3 Bb8 27. Nf2 Be8
28. Rd1 b5 29. axb5 Bxb5+ 30. Kf3 a4 31. c4 Bc6 32. Ba2 Bc7 33. Bc5 Kf8 34. Ba3
Ke8 35. Nh3 Ba8 36. Ng1 Bb6 37. Ne2 f5 38. Nd4 Bxe4+ 39. Kg3 Rd8 40. c5 Nc6 41.
cxb6 Nxd4 42. Kf2 Bb7 43. Bc5 Nb3 44. Rxd8+ Kxd8 45. Bxb3 axb3 46. g5 Kd7 47.
Ke2 Kc6 48. Be3 Kd5 49. Kd3 Ba6+ 50. Kc3 Ke4 51. Bd2 e5 52. fxe5 Kxe5 53. Kxb3
f4 54. Be1 Kf5 55. h4 Ke4 56. Kc3 Kf3 57. b4 Ke2 58. b5 Bb7 59. Bd2 f3 60. Bf4
f2 {White resigns} 0-1